 Dungeon Crawl Stone Soup version 0.28.0-53-g5a82cb258f (webtiles) character file.

Game seed: 10005046755813947926

129195 Peloso the Tortoise (level 16, 0/157 HPs)
             Began as a Minotaur Fighter on July 31, 2022.
             Was a High Priest of Okawaru.
             Slain by a naga
             ... wielding a +0 glaive
              (19 damage)
             ... on level 2 of the Snake Pit.
             The game lasted 01:16:03 (36999 turns).

Peloso the Tortoise (Minotaur Fighter)             Turns: 36999, Time: 01:16:04

Health: 0/157      AC: 37    Str: 26    XL:     16   Next: 50%
Magic:  19/19      EV: 10    Int:  5    God:    Okawaru [*****.]
Gold:   2447       SH: 14    Dex: 13    Spells: 15/15 levels left

rFire   . . .      SeeInvis +   a - +4 long sword (holy)
rCold   + + .      Faith    .   f - +0 kite shield
rNeg    . . .      Spirit   .   A - +1 crystal plate armour {rC+}
rPois   +          Reflect  .   C - +1 hat
rElec   .          Harm     .   r - +2 cloak {rPois}
rCorr   +          Rampage  .   (no gloves)
Will    +....                   V - +0 pair of boots "Ryxkie" {rPois rC+ rCorr SInv}
Stlth   ..........              (no amulet)
HPRegen 0.36/turn               M - ring of resist corrosion
MPRegen 0.16/turn               z - +4 ring of slaying

@: heroic, studying Ice Magic
A: horns 2, retaliatory headbutt
a: Renounce Religion, Heroism, Finesse, Duel


You were on level 2 of the Snake Pit.
You worshipped Okawaru.
Okawaru was extremely pleased with you.
You visited 5 branches of the dungeon, and saw 24 of its levels.
You also visited: Bailey, Ice Cave and Volcano.

You collected 2635 gold pieces.
You spent 188 gold pieces at shops.

Inventory:

Hand Weapons
 a - a +4 long sword of holy wrath (weapon)
 b - a +0 scimitar of flaming
 c - a +1 long sword of electrocution
Armour
 f - a +0 kite shield (worn)
 r - a +2 cloak of poison resistance (worn)
 t - the +1 pair of boots of Yesterday {Str+3 Dex+8}
   (Okawaru gifted it to you on level 4 of the Lair of Beasts)

   Str:       It affects your strength (+3).
   Dex:       It affects your dexterity (+8).
 A - a +1 crystal plate armour of cold resistance (worn)
 C - a +1 hat (worn)
 F - the +2 pair of boots of Midwinter {rF+ Str-3 Dex+2}
   (Okawaru gifted it to you on level 6 of the Lair of Beasts)

   Str:       It affects your strength (-3).
   Dex:       It affects your dexterity (+2).
   rF:        It protects you from fire.
 N - a +3 plate armour of fire resistance
 V - the +0 pair of boots "Ryxkie" (worn) {rPois rC+ rCorr SInv}
   (Okawaru gifted it to you on level 2 of the Snake Pit)

   rC:        It protects you from cold.
   rPois:     It protects you from poison.
   SInv:      It lets you see invisible.
   rCorr:     It protects you from acid and corrosion.
Jewellery
 m - a ring of protection from fire
 q - a ring of willpower
 u - a +4 ring of protection
 z - a +4 ring of slaying (right hand)
 E - a ring of protection from cold
 M - a ring of resist corrosion (left hand)
 O - a ring of see invisible
 S - a +6 ring of intelligence
Wands
 p - a wand of iceblast (6)
 x - a wand of paralysis (12)
 I - a wand of mindburst (3)
 J - a wand of acid (5)
 R - a wand of flame (11)
 T - a wand of digging (7)
Scrolls
 e - 3 scrolls of fear
 i - 5 scrolls of teleportation
 j - 3 scrolls of immolation
 y - a scroll of identify
 G - 3 scrolls of enchant weapon
 L - a scroll of fog
 P - 4 scrolls of blinking
 Q - 3 scrolls of noise
 U - 2 scrolls of magic mapping
Potions
 d - 9 potions of might
 g - a potion of invisibility
 h - 6 potions of haste
 k - 2 potions of heal wounds
 l - 8 potions of ambrosia
 n - 4 potions of curing
 o - a potion of magic
 v - 3 potions of brilliance
 w - a potion of flight
 B - 2 potions of resistance
 D - a potion of berserk rage
 H - a potion of mutation
Miscellaneous
 s - a phantom mirror
 K - a condenser vane


   Skills:
 + Level 17.7(22.7) Fighting
 + Level 18.6(23.6) Long Blades
 + Level 5.3(10.3) Polearms
 + Level 19.4(24.4) Armour
 + Level 5.4(10.4) Dodging
 + Level 3.2(8.2) Stealth
 + Level 13.0(18.0) Shields
 + Level 5.5 Invocations
 + Level 1.5 Evocations


You had 15 spell levels left.
You didn't know any spells.
Your spell library contained the following spells:

 Spells                   Type           Power      Damage    Failure   Level
 Freeze                   Ice            0%         1d3       100%        1
 Shock                    Conj/Air       0%         1d3       100%        1
 Slow                     Hex            0%         N/A       100%        1
 Static Discharge         Conj/Air       0%         N/A       100%        2
 Confusing Touch          Hex            0%         N/A       100%        3
 Conjure Flame            Conj/Fire      0%         6-21      100%        3
 Dazzling Flash           Conj/Hex       0%         N/A       100%        3
 Ignite Poison            Fire/Tmut/Pois 0%         N/A       100%        3
 Ozocubu's Armour         Ice            0%         N/A       100%        3
 Swiftness                Air            0%         N/A       100%        3
 Vampiric Draining        Necr           0%         2d6       100%        3
 Airstrike                Air            0%         N/A       100%        4
 Cause Fear               Hex            0%         N/A       100%        4
 Leda's Liquefaction      Hex/Erth       0%         N/A       100%        4
 Sticky Flame             Conj/Fire      0%         2d3       100%        4
 Alistair's Intoxication  Tmut/Pois      0%         N/A       100%        5
 Lightning Bolt           Conj/Air       0%         1d11      100%        5
 Ozocubu's Refrigeration  Ice            0%         4d5       100%        7
 Storm Form               Tmut/Air       0%         N/A       100%        7
 Maxwell's Capacitive Co  Air            0%         ∞         100%        8
 Chain Lightning          Conj/Air       0%         N/A       100%        9
 Summon Lightning Spire   Summ/Air       Unusable   N/A       N/A         4
 Summon Mana Viper        Hex/Summ       Unusable   N/A       N/A         5

Dungeon Overview and Level Annotations

Branches:
Dungeon (13/15)            Temple (1/1) D:6            Lair (6/6) D:8
 Shoals (0/4) Lair:4        Snake (2/4) Lair:4        Slime (0/5) Lair:6
    Orc (2/2) D:11            Elf (0/3) Orc:2        Bailey (visited)
  IceCv (visited)         Volcano (visited)
 Vaults: D:13-14

Altars:
Ashenzari
Kikubaaqudgha
Nemelex Xobeh
Okawaru
Ru
Trog
Uskayaw
Vehumet
The Shining One
Jiyva

Shops:
D:3 [:   D:12 =   Orc:2 (!:(*   Snake:1 **

Annotations:
Orc:2 Casa


Innate Abilities, Weirdness & Mutations

You have a pair of horns on your head.
You reflexively headbutt those who attack you in melee.


Message History

You block the naga's attack. The naga hits you but does no damage.
You slash the naga!
The naga is heavily wounded.
The salamander hits you but does no damage.
You block the naga's attack. The naga constricts you.
You block the naga's attack. The naga spits poison at you.
The splash of poison hits you but does no damage.
You resist.
You slash the naga!
The naga is almost dead.
You block the salamander's attack. The naga hits you but does no damage.
The naga constricts you. The naga hits you but does no damage.
Unknown command.
You hit the naga.
The naga is almost dead.
You block the naga's attack. The salamander hits you!
You are engulfed in flames!
* * * LOW HITPOINT WARNING * * *
The naga spits poison at you.
The splash of poison hits you but does no damage.
You resist. The naga constricts you.
* * * LOW HITPOINT WARNING * * *
You slash the naga!
You kill the naga!
Okawaru accepts your kill. You block the naga's attack.
Your base Shields skill increases to level 13!
Unknown command.
The naga's grasp on you weakens, but your attempt to escape fails.
The salamander hits you but does no damage.
The naga hits you but does no damage. The naga constricts you.
The naga hits you from afar with a +0 trident!
* * * LOW HITPOINT WARNING * * *
You escape the naga's grasp.
The salamander wields a +0 shortbow of flaming.
It bursts into flame!
The salamander shoots an arrow.
The arrow barely misses you. The naga barely misses you.
The naga hits you from afar with a +0 glaive!!
You die...

.# . ##.# #### .# #.. #..
#N# #.# #.###..#
N#######.####.......
S†.NN...........#
###.S...)..)).N.#
....#.........N)#########
#####N........N)@)....))###
##..S.........########.).#
#...#.<.......# ###)####
#.#<#.........# #)...####
#.#.#....>....# ####).... #
..#.........# #.....
####.........# ##....
########### ###.. ##


You could see a salamander and 2 nagas.

Vanquished Creatures
  Rupert (Lair:4)
  Jorgrun (Snake:1)
  Mlioglotl (Snake:1)
  4 acid blobs
  Frances (D:13)
  A nagaraja (Snake:2)
  2 azure jellies (Lair:4)
  A frost giant (IceCv)
  The ghost of Aroor the Thaumaturge, a journeyman OpEE of Sif Muna (Lair:4)
  Nessos (D:13)
  Azrael (D:13)
  The ghost of Ceckukk the Geomancer, a journeyman GrEE of Sif Muna (Lair:1)
  Josephine (Lair:4)
  The ghost of Banquo the Cleaver, a journeyman GrFi of Hepliaklqana (Lair:5)
  Harold (D:11)
  2 fire dragons
  A catoblepas (Lair:5)
  7 hydras
  2 boulder beetles
  2 centaur warriors (D:13)
  5 naga warriors (Snake:2)
  4 anacondas (Snake:2)
  4 two-headed ogres
  10 death yaks
  An orc high priest (Orc:1)
  Urug (D:11)
  4 shock serpents
  7 naga sharpshooters
  A fire crab (Lair:6)
  6 orc knights
  2 naga ritualists (Snake:2)
  9 mana vipers
  2 lindwurms
  2 orc sorcerers
  3 cyclopes
  28 black mambas
  A salamander (Snake:2)
  4 elephants (Lair:3)
  An ice statue (IceCv)
  2 guardian serpents (Snake:2)
  2 molten gargoyles (Lair:6)
  4 naga magi
  2 gargoyles (D:13)
  9 cane toads
  An eye of devastation (Lair:4)
  5 kobold demonologists
  8 rime drakes
  11 komodo dragons
  3 meliai (D:13)
  7 polar bears
  8 trolls
  A queen bee (D:13)
  32 blink frogs
  7 dream sheep
  22 slime creatures
  2 shadows (D:11)
  Sigmund (D:2)
  70 yaks
  9 wyverns
  2 spectral komodo dragons (Lair:5)
  6 wraiths
  6 fire bats (Volcano)
  Eustachio (D:5)
  2 fire elementals (D:13)
  6 basilisks
  5 steam dragons
  2 vampire mosquitoes (D:9)
  3 wargs (Orc:2)
  2 acid dragons
  14 nagas
  3 swamp worms (Lair:2)
  6 hell hounds
  A two-headed ogre zombie (D:11)
  28 water moccasins
  40 orc warriors
  2 black bears
  2 ice beasts
  A boulder beetle simulacrum (Lair:5)
  A black mamba simulacrum (Lair:5)
  8 wolves (IceCv)
  3 ogres
  14 centaurs
  2 phantoms
  5 kobold brigands
  8 bullfrogs
  Blork the orc (D:6)
  2 gnoll sergeants
  2 cane toad simulacra (Lair:5)
  2 scorpions
  3 water moccasin zombies
  2 water moccasin skeletons
  26 killer bees
  2 howler monkeys
  3 electric eels
  5 lava snakes (Lair:6)
  4 centaur zombies
  8 hounds
  5 jellies
  4 orc priests
  3 gnoll shamans
  A bullfrog skeleton (D:5)
  Jessica (D:2)
  A centaur skeleton (D:7)
  5 iguanas
  9 orc wizards
  A scorpion zombie (D:5)
  13 hell rats
  2 killer bee zombies
  7 ogre zombies (D:11)
  A hound skeleton (D:3)
  21 gnolls
  9 adders
  2 white imps (D:7)
  A worm (D:3)
  3 dart slugs
  56 orcs
  11 ball pythons
  5 endoplasms
  5 giant cockroaches
  10 goblins
  7 hobgoblins
  2 jackals (D:1)
  2 quokkas
  11 bats
  5 frilled lizards
  2 goblin skeletons (D:11)
  4 goblin zombies (D:11)
  A hobgoblin skeleton (D:11)
  3 hobgoblin zombies (D:11)
  13 kobolds
  5 orc skeletons (D:11)
  10 orc zombies (D:11)
  4 rats
  6 bushes (D:4)
818 creatures vanquished.

Vanquished Creatures (others)
  56 fungi
  101 plants
157 creatures vanquished.

Grand Total: 975 creatures vanquished

Notes
Turn   | Place    | Note
-------+----------+-------------------------------------------
     0 | D:1      | Peloso the Minotaur Fighter began the quest for the Orb.
     0 | D:1      | Reached XP level 1. HP: 19/19 MP: 0/0
   126 | D:1      | Found a faded altar of an unknown god.
   383 | D:1      | Reached XP level 2. HP: 27/27 MP: 1/1
   472 | D:1      | Reached skill level 4 in Armour
   974 | D:2      | Noticed Sigmund
  1074 | D:2      | Reached XP level 3. HP: 24/33 MP: 2/2
  1077 | D:3      | Found Qifam's Antique Armour Emporium.
  1734 | D:3      | Found Nuzubed's Book Boutique.
  2011 | D:4      | Noticed a scorpion
  2020 | D:4      | Killed a scorpion
  2021 | D:4      | Reached XP level 4. HP: 17/41 MP: 3/3
  2383 | D:4      | Reached XP level 5. HP: 41/47 MP: 4/4
  2494 | D:4      | Noticed a centaur
  2512 | D:4      | Killed a centaur
  2513 | D:4      | Reached skill level 5 in Armour
  2513 | D:4      | Reached skill level 1 in Dodging
  3688 | D:5      | Entered Level 5 of the Dungeon
  3764 | D:5      | Noticed an ogre
  3770 | D:5      | Killed an ogre
  3771 | D:5      | Reached skill level 5 in Fighting
  3771 | D:5      | Reached skill level 5 in Long Blades
  3771 | D:5      | Reached XP level 6. HP: 56/56 MP: 5/5
  4024 | D:5      | Reached XP level 7. HP: 59/61 MP: 6/6
  4049 | D:5      | Reached skill level 6 in Armour
  4106 | D:5      | Reached skill level 5 in Shields
  4259 | D:5      | Reached skill level 7 in Armour
  4565 | D:5      | Reached XP level 8. HP: 70/70 MP: 7/7
  4820 | D:5      | Noticed Eustachio
  4942 | D:5      | Killed Eustachio
  5180 | D:2      | Killed Sigmund
  5355 | D:2      | Got the Grimoire of the Toxic Oath
  5393 | D:2      | Got the Papyrus of the Birds and Enchantment
  5630 | D:2      | Noticed Jessica
  5636 | D:2      | Killed Jessica
  5923 | D:6      | Found a radiant altar of Vehumet.
  6223 | D:6      | Reached skill level 8 in Armour
  6316 | D:6      | Found a staircase to the Ecumenical Temple.
  6317 | D:6      | Noticed Blork the orc
  6321 | D:6      | Killed Blork the orc
  6332 | Temple   | Entered the Ecumenical Temple
  6493 | Temple   | Became a worshipper of Warmaster Okawaru
  7048 | D:7      | Noticed a troll
  7060 | D:7      | Killed a troll
  7061 | D:7      | Reached XP level 9. HP: 51/78 MP: 8/8
  7850 | D:7      | Reached skill level 9 in Armour
  7938 | D:8      | Found a flagged portal.
  7976 | Bailey   | Entered a bailey
  7986 | Bailey   | Reached * piety under Okawaru
  8137 | Bailey   | Reached skill level 10 in Long Blades
  8138 | Bailey   | Noticed an orc knight
  8162 | Bailey   | Killed an orc knight
  8163 | Bailey   | Reached skill level 1 in Stealth
  8177 | Bailey   | Reached skill level 1 in Evocations
  8562 | Bailey   | Reached XP level 10. HP: 63/88 MP: 6/9
  8569 | Bailey   | Reached skill level 1 in Invocations
  8862 | D:8      | Reached skill level 10 in Armour
  8883 | D:8      | Reached ** piety under Okawaru
  8954 | D:8      | Found a staircase to the Lair.
  9997 | D:7      | Reached skill level 11 in Armour
 10401 | D:9      | Noticed a two-headed ogre
 10413 | D:9      | Killed a two-headed ogre
 10413 | D:9      | Reached *** piety under Okawaru
 10707 | D:9      | Reached XP level 11. HP: 84/95 MP: 11/11
 10864 | D:9      | Noticed a two-headed ogre
 10873 | D:9      | Killed a two-headed ogre
 10873 | D:9      | Reached **** piety under Okawaru
 11529 | D:10     | Entered Level 10 of the Dungeon
 11737 | D:10     | Reached skill level 12 in Armour
 11737 | D:10     | Reached ***** piety under Okawaru
 12006 | D:10     | Identified the +2 pair of boots "Hapicankit" {Str+5 Int-4}
                  | (Okawaru gifted it to you on level 10 of the Dungeon)
 12006 | D:10     | Received a gift from Okawaru
 12264 | D:10     | Reached skill level 10 in Fighting
 12689 | D:11     | Noticed Urug
 12701 | D:11     | Killed Urug
 12808 | D:11     | Noticed a soul eater
 12812 | D:11     | Reached XP level 12. HP: 88/108 MP: 10/13
 12815 | D:11     | Reached skill level 13 in Armour
 12896 | D:11     | Found a staircase to the Orcish Mines.
 13406 | D:11     | Reached skill level 15 in Long Blades
 13582 | Lair:1   | Entered Level 1 of the Lair of Beasts
 13678 | Lair:1   | Found a large runed translucent door.
 13683 | Lair:1   | Found a dark tunnel.
 13744 | Volcano  | Entered a volcano
 13826 | Volcano  | Noticed a fire dragon
 13845 | Volcano  | Killed a fire dragon
 14276 | Lair:1   | Found a large runed translucent door.
 14280 | Lair:1   | Noticed Ceckukk's ghost (journeyman GrEE)
 14434 | Lair:1   | Reached skill level 14 in Armour
 15398 | Lair:2   | Received a gift from Okawaru
 16022 | Lair:2   | Identified the +4 great sword of the Orcish Mines {vorpal,
                  | MP+9 Str-2 SInv}
 16808 | Lair:3   | Reached XP level 13. HP: 112/119 MP: 14/14
 16815 | Lair:3   | Reached skill level 15 in Armour
 17685 | Lair:4   | Identified the +1 pair of boots of Yesterday {Str+3 Dex+8}
                  | (Okawaru gifted it to you on level 4 of the Lair of Beasts)
 17685 | Lair:4   | Received a gift from Okawaru
 17768 | Lair:4   | Found a staircase to the Snake Pit.
 17912 | Lair:4   | Noticed Rupert
 17930 | Lair:4   | Killed Rupert
 18150 | Lair:4   | Noticed Josephine
 18163 | Lair:4   | Killed Josephine
 18178 | Lair:4   | Reached skill level 1 in Polearms
 18540 | Lair:4   | Reached skill level 16 in Armour
 19234 | Lair:4   | Found a runed translucent gate.
 19234 | Lair:4   | Found a runed translucent gate.
 19234 | Lair:4   | Found a runed translucent gate.
 19235 | Lair:4   | Noticed an azure jelly
 19235 | Lair:4   | Noticed an azure jelly
 19236 | Lair:4   | Noticed an acid blob
 19236 | Lair:4   | Noticed an azure jelly
 19242 | Lair:4   | Noticed Aroor's ghost (journeyman OpEE)
 19242 | Lair:4   | Noticed an acid blob
 19242 | Lair:4   | Noticed an acid blob
 19242 | Lair:4   | Noticed an azure jelly
 19243 | Lair:4   | Noticed an acid blob
 19245 | Lair:4   | Found a viscous altar of Jiyva.
 19513 | Lair:4   | Found a staircase to the Shoals.
 19783 | Lair:4   | Identified the +3 ring mail "Xyquir" {Int+2} (Okawaru
                  | gifted it to you on level 4 of the Lair of Beasts)
 19783 | Lair:4   | Received a gift from Okawaru
 20391 | Lair:5   | Found a runed translucent gate.
 20501 | Lair:5   | Reached XP level 14. HP: 133/133 MP: 15/15
 21297 | Lair:5   | Reached skill level 5 in Polearms
 21354 | Lair:5   | Found a runed translucent gate.
 21354 | Lair:5   | Found a runed translucent gate.
 21356 | Lair:5   | Noticed Banquo's ghost (journeyman GrFi)
 21823 | D:12     | Found Gegguori's Jewellery Shoppe.
 21862 | D:12     | Reached skill level 17 in Armour
 22537 | Orc:1    | Entered Level 1 of the Orcish Mines
 22537 | Orc:1    | Noticed Harold
 22556 | D:11     | Killed Harold
 22557 | D:11     | Reached skill level 15 in Fighting
 22667 | Orc:1    | Paralysed by an orc sorcerer for 4 turns
 23151 | Orc:2    | Entered Level 2 of the Orcish Mines
 23151 | Orc:2    | Found a staircase to the Elven Halls.
 23271 | Orc:2    | Found Duyt's General Store.
 23642 | Orc:2    | Received a gift from Okawaru
 23733 | Orc:2    | Found Mailoo's Book Shop.
 23733 | Orc:2    | Found Beoramo's Distillery.
 23735 | Orc:2    | Found Dofemy's Weapon Shoppe.
 23737 | Orc:2    | Found Hip Quts's Antique Weapon Boutique.
 25758 | D:13     | Found an ancient bone altar of Kikubaaqudgha.
 26602 | D:13     | Noticed Frances
 26621 | D:13     | Killed Frances
 26622 | D:13     | Reached skill level 5 in Dodging
 27439 | D:13     | Noticed Azrael
 27439 | D:13     | Noticed Nessos
 27455 | D:13     | Killed Azrael
 27461 | D:13     | Killed Nessos
 27684 | D:13     | Got the Catalogue of Pathos
 27987 | Lair:6   | Entered Level 6 of the Lair of Beasts
 28013 | Lair:6   | Found a frozen archway.
 28022 | IceCv    | Entered an ice cave
 28117 | IceCv    | Reached XP level 15. HP: 93/144 MP: 17/17
 29041 | IceCv    | Noticed a frost giant
 29088 | IceCv    | Killed a frost giant
 29496 | Lair:6   | Reached skill level 18 in Armour
 29508 | Lair:6   | Identified the +2 pair of boots of Midwinter {rF+ Str-3
                  | Dex+2} (Okawaru gifted it to you on level 6 of the Lair of
                  | Beasts)
 29508 | Lair:6   | Received a gift from Okawaru
 30244 | Lair:6   | Found a staircase to the Slime Pits.
 30459 | Lair:6   | Found a large runed translucent door.
 30459 | Lair:6   | Found a large runed translucent door.
 31654 | Lair:6   | Identified the +5 shortbow of Ulux {freeze, Str+2}
 31935 | Lair:1   | Killed Ceckukk's ghost
 31936 | Lair:1   | Reached skill level 10 in Shields
 32052 | Lair:3   | Killed an acid blob
 32406 | Lair:4   | Killed an acid blob
 32679 | Lair:4   | Killed an acid blob
 32680 | Lair:4   | Reached skill level 5 in Invocations
 32698 | Lair:4   | Killed an acid blob
 32723 | Lair:4   | Killed an azure jelly
 32932 | Lair:4   | Killed Aroor's ghost
 32954 | Lair:4   | Killed an azure jelly
 33043 | Lair:5   | Killed Banquo's ghost
 33247 | Snake:1  | Entered Level 1 of the Snake Pit
 33260 | Snake:1  | Found Uvorulax's Assorted Antiques.
 33394 | Snake:1  | Found Mialic's General Store.
 33419 | Snake:1  | Bought a glowing long sword for 188 gold pieces
 33428 | Snake:1  | Noticed Jorgrun
 33450 | Snake:1  | Killed Jorgrun
 33578 | Snake:1  | Noticed Mlioglotl
 34231 | Snake:1  | Killed Mlioglotl
 34253 | Snake:1  | Reached XP level 16. HP: 76/155 MP: 18/18
 34510 | Snake:1  | Reached skill level 19 in Armour
 35209 | Snake:2  | Identified the +0 pair of boots "Ryxkie" {rPois rC+ rCorr
                  | SInv} (Okawaru gifted it to you on level 2 of the Snake
                  | Pit)
 35209 | Snake:2  | Received a gift from Okawaru
 36999 | Snake:2  | Slain by a naga

Illustrated notes

Levels and vault maps discovered:
D:1:      minmay_arrival_arboretum_small, layout_basic,
          chequers_ecumenical_altar_island, minmay_tetromino_o4
D:2:      layout_loops_ring, minmay_vboxes, uniq_jessica, uniq_sigmund
D:3:      layout_basic, serial_shops, nicolae_shop_waterfront, shop,
          serial_glass, glass_columns_a, glass_columns_b, glass_columns_a
D:4:      layout_basic, serial_forest, infiniplex_forest_corner_2,
          infiniplex_forest_clump_long, infiniplex_forest_clump_large,
          infiniplex_forest_clump_small, infiniplex_forest_clump_tiny,
          infiniplex_forest_clump_curved, infiniplex_forest_lined_4_way,
          infiniplex_forest_clump_tiny, st_stairs_8, minmay_misc_feat_five
D:5:      layout_cave_pools, minivault_23, minmay_increasing_density,
          uniq_eustachio
D:6:      layout_basic, kennysheep_mini, minmay_temple_entry_offerings,
          chequers_serial_rivers_large_a, uniq_blork_the_orc
D:7:      layout_basic, minmay_joined_circles
D:8:      layout_basic, minmay_lair_entry_grove, enter_bailey_2
D:9:      layout_irregular_city, kennysheep_generic_room_12
D:10:     layout_loops_ring
D:11:     layout_loops_ring, zombieorc2_lemuel, uniq_urug
D:12:     layout_long_grid, serial_shops, nicolae_shop_stone, minivault_11
D:13:     layout_roguey [special_room_bee], grunt_vaults_entry_fortified,
          nicolae_kikubaaqudgha_miasma_corner, uniq_frances, uniq_nessos,
          uniq_azrael
Temple:   mainiacjoe_temple_trianglar_array
Lair:1:   layout_roguey, ebering_ghost_disaster_area, enter_volcano_2,
          serial_bayou_shore_a
Lair:2:   layout_roguey, nicolae_quartered_pool_super, worms_lemuel,
          grunt_megastairs_4
Lair:3:   layout_small_grid
Lair:4:   layout_cave_pods, elwin_shoals_entry_rocks,
          minmay_snake_entry_six_corridors, gammafunk_ghost_ooze, st_stairs_6,
          minmay_shattered_shrine, infiniplex_staircase_pool, uniq_josephine,
          uniq_rupert
Lair:5:   layout_cave_pods, gammafunk_ghost_necromancy,
          infiniplex_staircase_pool_2
Lair:6:   cheibrodos_lair_end_hotspot, layout_misc_corridors,
          minmay_slime_entry_pillars, portal_ice_cave_entry_pillars_2,
          serial_bayou_shore_b
Snake:1:  layout_cave_shapes, minmay_shoptagon, uniq_jorgrun, uniq_mlioglotl
Snake:2:  layout_rooms
Orc:1:    layout_caves, uniq_harold
Orc:2:    st_orc_rangers, layout_diamond_mine, serial_shops,
          nicolae_shop_waterfront

Skill      XL: |  1  2  3  4  5  6  7  8  9 10 11 12 13 14 15 16 |
---------------+-------------------------------------------------+-----
Armour         | 4 5 7 8 9 11 12 14 16 17 18 19 | 19.4
Shields        | 4 5 6 7 11 13 | 13.0
Fighting       | 4 5 6 7 8 10 12 14 16 17 | 17.7
Long Blades    | 3 4 5 6 8 10 13 14 15 16 17 18 | 18.6
Dodging        | 1 2 3 4 5 |  5.4
Stealth        | 2 3 |  3.2
Evocations     | 1 |  1.5
Invocations    | 2 3 4 5 |  5.5
Polearms       | 4 5 |  5.3

Action                   |  1- 3 |  4- 6 |  7- 9 | 10-12 | 13-15 | 16-18 || total
-------------------------+-------+-------+-------+-------+-------+-------++-------
Melee: Long sword        |    71 |   256 |   306 |   644 |  1185 |   261 ||  2723
       Headbutt          |     6 |    89 |    45 |   148 |   363 |    69 ||   720
       Punch             |       |       |     1 |    14 |    14 |       ||    29
       Glaive            |       |       |       |       |    51 |       ||    51
       Scimitar          |       |       |       |       |    13 |       ||    13
Invok: Heroism           |       |       |     9 |    11 |    46 |    10 ||    76
       Finesse           |       |       |       |       |     5 |       ||     5
Evoke: Wand              |       |     4 |     3 |       |     5 |       ||    12
  Use: Scroll            |     3 |       |    13 |    10 |     4 |     1 ||    31
       Potion            |       |       |     1 |       |     5 |     2 ||     8
 Stab: Paralysed         |       |       |     5 |       |       |       ||     5
Armor: Scale mail        |    46 |    65 |    18 |       |       |       ||   129
       Chain mail        |       |       |   132 |       |       |       ||   132
       Plate armour      |       |       |     7 |   342 |   662 |       ||  1011
       Crystal plate arm |       |       |       |       |   232 |   139 ||   371
Dodge: Dodged            |    62 |    38 |   138 |   262 |   668 |   121 ||  1289
Block: Buckler           |    24 |    34 |    55 |       |       |       ||   113
       Kite shield       |       |       |       |       |   463 |   255 ||   718
